Map: Tours du crépuscule

Players

Denver - Winner!

  • Race: Zerg Zerg
  • League: Grandmaster

Mamba

  • Race: Zerg Zerg
  • League: Grandmaster

VOD

Have the link to the VOD?

Description

Time

  • Played on: March 27, 2016, 5:40 a.m.
  • Length: 5:13
Show
View Real Time Build Order
Export as new Build Order

Denver Zerg - Winner!

Build Orders: Hatch First, Zergling Baneling 

Get SALT Encoding   

  12  0:00  Drone  
  13  0:13  Overlord  
  13  0:17  Drone  
  14  0:31  Drone x2  
  17  0:35  Drone  
  17  0:52  Hatchery  
  17  0:54  Drone  
  17  1:00  Extractor, Drone  
  17  1:14  Spawning Pool  
  17  1:16  Drone  
  17  1:21  Drone  
  18  1:30  Drone  
  19  1:40  Overlord  
  19  1:51  Drone  
  20  2:01  Queen  
  22  2:02  Zergling x2  
  22  2:06  Spine Crawler  
  22  2:08  Baneling Nest  
  21  2:10  Zergling x2  
  22  2:17  Queen  
  22  2:20  Drone  
  25  2:26  Metabolic Boost  
  25  2:32  Drone  
  27  2:37  Drone x2  
  27  2:38  Drone  
  27  2:42  Drone  
  31  2:46  Zergling x2  
  31  2:50  Drone  
  33  2:57  Drone  
  34  3:08  Hatchery  
  34  3:11  Overlord  
  33  3:14  Zergling x2  
  33  3:19  Zergling x4  
  36  3:23  Overlord  
  36  3:31  Zergling x8  
  40  3:37  Zergling x4  
  42  3:45  Baneling x4  
  42  3:47  Zergling x4  
  44  3:51  Zergling x4  
  46  3:59  Zergling x8  
  50  4:09  Zergling x8  
  50  4:16  Zergling x2  
  48  4:22  Baneling x2  
  48  4:26  Zergling x2  
  48  4:27  Zergling x8  
  51  4:41  Zergling x4  
  48  4:50  Zergling x16  
  54  4:55  Baneling x3  
Show
View Real Time Build Order
Export as new Build Order

Mamba Zerg 

Build Orders: Pool First 

Get SALT Encoding   

  12  0:01  Drone  
  13  0:13  Overlord  
  13  0:17  Drone  
  14  0:31  Drone x2  
  14  0:35  Drone  
  17  0:44  Spawning Pool  
  17  0:47  Drone  
  17  0:59  Drone  
  18  1:11  Hatchery  
  18  1:14  Extractor  
  16  1:25  Drone  
  17  1:31  Queen  
  17  1:32  Zergling x4  
  21  1:40  Overlord  
  21  1:50  Drone  
  22  2:01  Drone  
  23  2:07  Queen  
  25  2:14  Drone  
  25  2:15  Roach Warren  
  25  2:23  Drone  
  25  2:28  Overlord  
  26  2:38  Drone x2  
  26  2:41  Drone x3  
  31  2:45  Metabolic Boost  
  31  2:49  Drone x2  
  33  2:58  Overlord  
  33  3:00  Drone  
  33  3:10  Roach  
  33  3:11  Roach  
  37  3:14  Roach  
  37  3:18  Drone x4  
  37  3:19  Drone  
  44  3:27  Overlord  
  44  3:28  Drone  
  44  3:33  Extractor  
  44  3:34  Extractor  
  44  3:35  Drone  
  43  3:43  Drone x2  
  45  3:49  Overlord  
  45  3:50  Drone x3  
  45  3:51  Drone x2  
  50  3:57  Overlord  
  50  4:01  Lair, Overlord  
  50  4:07  Roach  
  50  4:14  Roach  
  50  4:16  Roach  
  48  4:20  Roach x2  
  48  4:22  Zergling x4  
  51  4:27  Roach  
  51  4:28  Roach  
  51  4:35  Roach  
  41  4:48  Zergling x4  
Tags
 
Add a new tag
Caveats
  • Supply blocks, unpowered buildings, or Contaminate may cause inaccurate times.
  • Supply counts are checked every 10 seconds.